[Event "*** SCC Grand Prix: Titled Tuesday Blitz"]
[Site "Chess.com"]
[Date "2020.07.21"]
[Round "2"]
[White "GMKrikor"]
[Black "2nd_life"]
[Result "1-0"]
[WhiteElo "2722"]
[BlackElo "2478"]
[TimeControl "180+1"]
[EndTime "10:18:43 PDT"]
[Termination "GMKrikor won on time"]

1. e4 e5 2. Bc4 Nf6 3. d3 c6 4. Nf3 d5 5. Bb3 Qc7 6. O-O Be6 7. exd5 cxd5 8. Re1 Bd6 9. Nc3 a6 10. Ng5 O-O 11.
Nxe6 fxe6 12. g3 Bc5 13. Qe2 Nc6 14. Kg2 Rf7 15. Be3 Nd4 16. Bxd4 Bxd4 17. Nd1 Nd7 18. c3 Ba7 19. d4 e4 20. Ne3 Raf8 21. Rf1 Qd6 22.
Rae1 Rf3 23. Bd1 Qe7 24. Qd2 R3f6 25. f3 exf3+ 26. Rxf3 Rxf3 27. Bxf3 Qd6 28. Ng4 Bb8 29.
Qg5 Kh8 30. Bd1 Nf6 31. Ne5 Nd7 32. Nd3 Nf6 33. Bf3 Re8 34. Nf4 Qd7 35. Nd3 Bd6 36. Re2 Qc7 37. Bg4 Nxg4 38. Qxg4 Qd7 39. Re3 h6 40. Qg6 Re7 41. Rf3 Qe8 42. Qxe8+ Rxe8 43. Rf7 Re7 44. Rxe7 Bxe7 45. Nf4 Bd6 46. Nxe6 Kg8 47.
Kf3 Kf7 48. Nf4 Bxf4 49. Kxf4 Kf6 50. h3 g5+ 51. Ke3 h5 52. g4 h4 53. Kd3 b5 54. b3 Ke6 55. c4 b4 56. Ke3 Kd6 57.
cxd5 Kxd5 58. Kd3 a5 59. Ke3 a4 60. bxa4 1-0

[Event "*** SCC Grand Prix: Titled Tuesday Blitz"]
[Site "Chess.com"]
[Date "2020.07.21"]
[Round "2"]
[White "Fortitudine"]
[Black "731291"]
[Result "0-1"]
[WhiteElo "2294"]
[BlackElo "2618"]
[TimeControl "180+1"]
[EndTime "10:18:43 PDT"]
[Termination "731291 won on time"]

1. d4 Nf6 2. Nc3 d5 3. Bg5 e6 4.
e4 dxe4 5. Nxe4 Be7 6. Bxf6 Bxf6 7. Nf3 Nd7 8. Qd2 O-O 9. O-O-O b6 10. Bd3 Bb7 11.
h4 Qe7 12. Neg5 h6 13. Bh7+ Kh8 14. Be4 Bxe4 15. Nxe4 g6 16. g4 Bg7 17. Qf4 Nf6 18. Nxf6 Qxf6 19. Qxf6 Bxf6 20. c3 Rad8 21. Kc2 Rd5 22.
Rd3 Rfd8 23. Rhd1 b5 24. a3 a5 25. R1d2 Kg7 26. Rd1 a4 27. R1d2 h5 28. g5 Be7 29.
Ne5 Bd6 30. Nc6 Re8 31. Rf3 Rf5 32. Rdd3 Bf4 33. Nb4 f6 34. gxf6+ Kxf6 35. Kd1 g5 36. hxg5+ Kxg5 37. d5 e5 38. Rh3 Kg4 39. Rh1 h4 40. d6 cxd6 41. Rxd6 Kh5 42. Nd3 Bg5 43. Ke2 e4 44. Ne1 Ref8 45. Rf1 h3 46. Rd4 h2 47.
Rxe4 Rxf2+ 48. Rxf2 Rxf2+ 49. Kxf2 h1=Q 50. Nf3 Bf6 51. Ke3 Qb1 0-1

[Event "*** SCC Grand Prix: Titled Tuesday Blitz"]
[Site "Chess.com"]
[Date "2020.07.21"]
[Round "2"]
[White "pavelalexandru07"]
[Black "rynos0411"]
[Result "1-0"]
[WhiteElo "2134"]
[BlackElo "2388"]
[TimeControl "180+1"]
[EndTime "10:18:43 PDT"]
[Termination "pavelalexandru07 won by checkmate"]

1. e4 d6 2. d4 Nf6 3. Nc3 c6 4. Nf3 Qa5 5. Bd3 e5 6. O-O Be7 7. Re1 O-O 8. a3 Nbd7 9. b4 Qc7 10. Bb2 Rd8 11. Qe2 Nf8 12. h3 Ne6 13. Qe3 Bf8 14. Ne2 exd4 15. Nexd4 b6 16. c4 Bb7 17. Rac1 Re8 18.
Qd2 a6 19. Nf5 Nd7 20. Qc3 f6 21. Qb3 c5 22. Ne3 Ne5 23. Nxe5 fxe5 24. Nd5 Bxd5 25. exd5 Nf4 26. Be4 g6 27. Rc2 Bg7 28.
Bc1 Rf8 29. Kh2 Rab8 30. g3 Nh5 31. Qd3 Rbe8 32. Bg5 Nf6 33. Bxf6 Rxf6 34. Kg2 Ref8 35. Ree2 Rb8 36. Qb3 Rff8 37. Qa4 a5 38. bxa5 bxa5 39. Rb2 Bf6 40. Qc6 Qe7 41. Qa6 Qc7 42. Qc6 Qe7 43. Qa6 Ra8 44. Qc6 Rfb8 45. Qa4 Kg7 46. Rxb8 Rxb8 47. Qxa5 Qb7 48. a4 Qb3 49. Qa7+ Rb7 50.
Qa6 Be7 51. a5 h5 52. Bc2 Qb4 53. Be4 h4 54. g4 g5 55. Rc2 Qb3 56. Qa8 Rb4 57.
Qa7 Kf6 58. Qd7 Rxc4 59. Qe6+ Kg7 60. Bg6 Rxc2 61. Qf7+ Kh8 62. Qh7# 1-0

[Event "*** SCC Grand Prix: Titled Tuesday Blitz"]
[Site "Chess.com"]
[Date "2020.07.21"]
[Round "2"]
[White "luizwas"]
[Black "kasparicy"]
[Result "0-1"]
[WhiteElo "1765"]
[BlackElo "2345"]
[TimeControl "180+1"]
[EndTime "10:18:44 PDT"]
[Termination "kasparicy won by resignation"]

1. e4 c5 2. Nf3 d6 3. d4 cxd4 4. Nxd4 Nf6 5. Nc3 a6 6. h3 e6 7.
g4 b5 8. Bg2 Bb7 9. O-O Nfd7 10. Re1 Be7 11. f4 O-O 12. Be3 Qc7 13. Bf2 Nb6 14.
f5 e5 15. Nb3 Rd8 16. Kh1 b4 17. Bxb6 Qxb6 18. Nd5 Bxd5 19. Qxd5 Nd7 20. Red1 Nf6 21. Qd3 h6 22. a3 bxa3 23. Rxa3 d5 24. exd5 Bxa3 25. bxa3 Rd6 26. c4 Rc8 27. c5 Rxc5 28.
Nxc5 Qxc5 29. Bf3 Qf2 30. Qe2 Qg3 31. Qg2 Qf4 32. Re1 Rb6 33. Be2 Rb3 34. Rf1 Qe3 35.
Rf3 Qc1+ 36. Rf1 Qxa3 37. Kh2 e4 38. g5 Qd6+ 39. Kh1 Rg3 40. Qh2 hxg5 41. Bxa6 e3 42.
Bc4 Ne4 43. Qe2 Nf2+ 44. Rxf2 exf2 45. Qxf2 Rxh3+ 46. Kg1 Rg3+ 47. Kf1 Rg4 48. Qe3 Rf4+ 49. Ke2 Rxf5 50. Kd3 Re5 51. Qd4 Qg6+ 52. Kc3 Qd6 53. Bd3 g6 54. Qa7 Rxd5 55. Qa8+ Kg7 56.
Bc4 Qe5+ 57. Kb4 Rd4 58. Qa2 Qe6 59. Kc3 Qxc4+ 60. Qxc4 Rxc4+ 61. Kxc4 Kf6 62. Kd3 Kf5 63. Ke2 Kg4 64. Kf2 0-1

[Event "*** SCC Grand Prix: Titled Tuesday Blitz"]
[Site "Chess.com"]
[Date "2020.07.21"]
[Round "2"]
[White "Lion-Al-Messi"]
[Black "jb2mix"]
[Result "0-1"]
[WhiteElo "2440"]
[BlackElo "2675"]
[TimeControl "180+1"]
[EndTime "10:18:45 PDT"]
[Termination "jb2mix won on time"]

1. e4 e5 2. Nf3 Nc6 3. Bb5 a6 4. Ba4 Nf6 5. O-O b5 6. Bb3 Bb7 7. d4 Nxd4 8. Bxf7+ Kxf7 9. Nxe5+ Kg8 10. Qxd4 d6 11.
Nf3 Nxe4 12. Nbd2 Qf6 13. Qd3 Nxd2 14. Bxd2 Bxf3 15. gxf3 Qg6+ 16. Qxg6 hxg6 17. Rfe1 Rh5 18. Re2 Rf5 19. Kg2 a5 20. Rae1 a4 21. Re8 Rxe8 22.
Rxe8 Rd5 23. Be3 Rd1 24. Rb8 c6 25. Rb6 Rb1 26. b3 a3 27. Rxc6 Rb2 28. Bd4 Rxa2 29. Ra6 b4 30. c3 Rd2 31. Be3 bxc3 32. Rxa3 Rb2 33. b4 c2 34. Rc3 d5 35. Rc8 Kf7 36. b5 Ba3 37. b6 Bd6 38. b7 Rxb7 39. Rxc2 Be5 40. Rc5 Rd7 41. f4 Bf6 42. Kf3 d4 43. Bd2 d3 44. Rc4 Ke6 45. Ke3 Kf5 46. Rc5+ Kg4 47. f3+ Kh3 48. Rc8 Kxh2 49. Kf2 Bd4+ 50.
Kf1 Kg3 51. Re8 Kxf3 52. Rf8 Rb7 53. Re8 Rb1+ 54. Be1 d2 0-1

[Event "*** SCC Grand Prix: Titled Tuesday Blitz"]
[Site "Chess.com"]
[Date "2020.07.21"]
[Round "2"]
[White "Shuvalov"]
[Black "Twitch_ElhamBlitz05"]
[Result "0-1"]
[WhiteElo "2529"]
[BlackElo "2812"]
[TimeControl "180+1"]
[EndTime "10:18:49 PDT"]
[Termination "Twitch_ElhamBlitz05 won on time"]

1. Nf3 Nf6 2. c4 d6 3. d4 g6 4. Nc3 Bg7 5. e4 O-O 6. Be2 Nc6 7.
O-O e5 8. d5 Ne7 9. Ne1 Ne8 10.
f3 f5 11. g4 fxg4 12. fxg4 Rxf1+ 13. Kxf1 Bd7 14. Nd3 Nf6 15. Nf2 Qf8 16. Kg2 Qf7 17. Be3 Rf8 18. a4 Kh8 19. a5 a6 20. b4 Nfg8 21.
c5 Bh6 22. g5 Bxg5 23. Qd3 Bxe3 24. Qxe3 Qf4 25. Qxf4 exf4 26. Bg4 Bxg4 27. Nxg4 h5 28. Nf2 g5 29. h3 Ng6 30. Nd3 g4 31. hxg4 hxg4 32.
b5 Nh4+ 33. Kh2 Nf3+ 34. Kg2 Ne5 35. Nxe5 dxe5 36. b6 cxb6 37. axb6 Ne7 38. Rh1+ Kg7 39. Rh5 f3+ 40. Kf1 Kg6 41. Rxe5 g3 42. Nd1 Rh8 43. Kg1 Kf7 44. d6 f2+ 45. Nxf2 gxf2+ 46. Kxf2 Nc6 47.
Rg5 Rh2+ 48. Ke3 Rh3+ 49. Kf4 Rh1 50. e5 Rf1+ 51. Ke4 Re1+ 52. Kf4 Rf1+ 53. Ke4 a5 54. Rh5 Re1+ 55. Kf4 Rf1+ 56. Ke4 Re1+ 57. Kf4 Kg7 58.
Rg5+ Kh6 59. Rg8 Rxe5 60. Ra8 Rxc5 61. d7 Rd5 0-1

[Event "*** SCC Grand Prix: Titled Tuesday Blitz"]
[Site "Chess.com"]
[Date "2020.07.21"]
[Round "2"]
[White "BillieKimbah"]
[Black "stanyga"]
[Result "1/2-1/2"]
[WhiteElo "2888"]
[BlackElo "2580"]
[TimeControl "180+1"]
[EndTime "10:18:50 PDT"]
[Termination "Game drawn - insufficient material"]

1. Nf3 Nf6 2. g3 g6 3. Bg2 Bg7 4. O-O O-O 5. d4 d5 6. c3 a5 7. a4 c5 8. Na3 c4 9. Bf4 Nc6 10. Nb5 Bf5 11. h3 Be4 12. Bg5 Na7 13. Na3 b5 14.
axb5 Qb6 15. Ne5 Bxg2 16. Kxg2 Rfd8 17. Qa4 h6 18. Bf4 g5 19. Be3 Rdb8 20. Rfb1 Nxb5 21.
Nxb5 Qxb5 22. Nc6 Qxa4 23. Rxa4 Rb7 24. Rba1 e6 25. Bc1 Rb6 26. Rxa5 Rxa5 27. Nxa5 Ne4 28. f3 Nd6 29. Ra3 Kf8 30. Kf1 Ke7 31. Ke1 Kd7 32. Kd1 Kc7 33. Kc2 Nb5 34. Ra1 e5 35.
dxe5 Bxe5 36. Be3 Ra6 37. f4 gxf4 38. gxf4 Bf6 39. Bc5 d4 40. Bb4 dxc3 41. bxc3 Re6 42.
Nxc4 Rxe2+ 43. Kb3 Rh2 44. Ra6 Bxc3 45. Bxc3 Rxh3 46.
Rf6 Nxc3 47. Rxf7+ Kc6 48. Rf6+ Kd5 49. Rd6+ Ke4 50.
Rc6 Nb5+ 51. Kb4 Rb3+ 52. Kxb3 Nd4+ 53. Kc3 Nxc6 54. Kd2 Kxf4 55. Ke2 Kg3 56. Kf1 h5 57. Nd6 Kf4 58. Kg2 Ne5 59. Kh3 Ng6 60. Nc4 h4 61.
Nd2 Kg5 62. Nf3+ Kh5 63. Nxh4 1/2-1/2

[Event "*** SCC Grand Prix: Titled Tuesday Blitz"]
[Site "Chess.com"]
[Date "2020.07.21"]
[Round "2"]
[White "Witik"]
[Black "penguingm1"]
[Result "1-0"]
[WhiteElo "2603"]
[BlackElo "2924"]
[TimeControl "180+1"]
[EndTime "10:18:51 PDT"]
[Termination "Witik won by resignation"]

1. d4 d5 2. Bf4 Nf6 3. e3 e6 4. Nd2 Bd6 5. c3 c5 6. Bxd6 Qxd6 7. Bd3 O-O 8. f4 b6 9. Ngf3 Ba6 10. Bxa6 Nxa6 11. O-O Nc7 12. Ne5 Nce8 13. Qf3 Qc7 14. f5 Nd6 15. fxe6 fxe6 16. Qh3 Rae8 17. Rf2 Nf7 18. Ng4 Ng5 19. Nxf6+ Rxf6 20. Qh5 Rg6 21. Raf1 Qb8 22. Nf3 Ne4 23. Ne5 Nxf2 24. Rxf2 Rh6 25. Qf7+ Kh8 26. g4 Rh3 27. g5 Rxe3 28. g6 Rxe5 29.
dxe5 h6 30. Qd7 Qd8 31. Rf7 Qg5+ 32. Kf2 Qd2+ 33. Kg3 Qe3+ 34. Kg2 Qe4+ 35. Kg1 Qb1+ 36. Kf2 Qxb2+ 37. Ke1 Qc1+ 38. Ke2 Qc2+ 39. Kf1 Qb1+ 40.
Ke2 Qxa2+ 41. Kd1 Qb1+ 42. Kd2 Qb2+ 43. Kd1 Qb3+ 44. Kd2 Qa2+ 45. Kc1 Qa1+ 46. Kc2 Rg8 47. Qxe6 Qa2+ 48. Kc1 Qxh2 49. Qe7 Qg1+ 50. Kc2 d4 51. cxd4 Qxg6+ 52. Kc3 cxd4+ 53. Kxd4 Qg4+ 54. Kd5 Rc8 55.
Rf8+ Rxf8 56. Qxf8+ Kh7 57. e6 Qd1+ 58. Kc6 Qb3 59. e7 Qa4+ 60. Kc7 Qc4+ 61. Kb8 Qe6 62. e8=Q Qxe8+ 63. Qxe8 a5 64. Qe6 h5 65. Qxb6 h4 66. Qxa5 Kh6 67. Qf5 g5 68. Qg4 Kg6 69. Kc7 Kf6 1-0

[Event "*** SCC Grand Prix: Titled Tuesday Blitz"]
[Site "Chess.com"]
[Date "2020.07.21"]
[Round "2"]
[White "GM_dmitrij"]
[Black "joksijoksi"]
[Result "1-0"]
[WhiteElo "2927"]
[BlackElo "2342"]
[TimeControl "180+1"]
[EndTime "10:18:53 PDT"]
[Termination "GM_dmitrij won by resignation"]

1. c4 e5 2. Nc3 Nf6 3. Nf3 e4 4. Ng5 b5 5. d3 exd3 6. Qxd3 bxc4 7. Qxc4 d5 8. Qd3 h6 9. Nf3 Bd6 10. g3 O-O 11. Bg2 c5 12. Nxd5 c4 13. Nxf6+ Qxf6 14. Qc3 Qxc3+ 15. bxc3 Bb7 16. O-O Re8 17. Rb1 Bc6 18. Nd4 Bxg2 19. Kxg2 Be5 20. Bf4 Bxd4 21. cxd4 g5 22. Bxb8 Raxb8 23. e3 Rec8 24. Kf3 c3 25. Rxb8 Rxb8 26. Rc1 Rb2 27. Rxc3 Rxa2 28. g4 Kg7 29. Rc6 a5 30. Ra6 a4 31. h3 a3 32. Ra4 Kf8 33. Ra7 Kg7 34. Ra6 Kh7 35. d5 Kg7 36. Ke4 Rxf2 37. Rxa3 Kf8 38. Ke5 Ke7 39.
d6+ Ke8 40. e4 Kd7 41. Ra7+ Ke8 42. Re7+ Kd8 43. Kd5 Rd2+ 44. Kc5 Rc2+ 45. Kb4 Rf2 46. e5 Rf1 47. Ra7 Rb1+ 48. Kc5 Rc1+ 49. Kd4 Rd1+ 50. Kc3 Re1 51. Re7 Re4 52. Kd3 Re1 53. Rxf7 Rxe5 54.
Rf6 Kd7 55. Rxh6 Ra5 56. Kd4 Rb5 57. Ke4 Ra5 58. Rf6 Rb5 59. Rf5 Rb3 60. Rxg5 Rxh3 61. Rd5 Rg3 62. Kf4 Rg1 63. g5 Rf1+ 64. Kg4 Rf8 65.
g6 Ke6 66. Rd2 Kf6 67. Rf2+ 1-0

[Event "*** SCC Grand Prix: Titled Tuesday Blitz"]
[Site "Chess.com"]
[Date "2020.07.21"]
[Round "2"]
[White "viktorskliarov"]
[Black "The_Machine04"]
[Result "1/2-1/2"]
[WhiteElo "2594"]
[BlackElo "2295"]
[TimeControl "180+1"]
[EndTime "10:18:53 PDT"]
[Termination "Game drawn by repetition"]

1. e4 d6 2. d4 Nf6 3. Nc3 e5 4.
Nge2 Nc6 5. d5 Ne7 6. f3 g6 7.
Be3 Bg7 8. Qd2 c6 9. O-O-O cxd5 10.
exd5 a6 11. Bh6 O-O 12. h4 Bxh6 13. Qxh6 Nf5 14. Qd2 h5 15. Ne4 Nxe4 16. fxe4 Ng7 17. Ng3 Bg4 18. Be2 Qd7 19. Rhf1 b5 20. Rf6 Ne8 21. Rf2 Kg7 22. Rdf1 Bxe2 23. Qxe2 f6 24.
Nf5+ gxf5 25. Rxf5 Qf7 26. Rxh5 Qg6 27. g4 Rh8 28. Rhf5 Rxh4 29. g5 fxg5 30. Rf7+ Qxf7 31.
Rxf7+ Kxf7 32. Qf2+ Rf4 33. Qb6 Rc8 34. a4 bxa4 35.
Qb7+ Rc7 36. Qxa6 Rf2 37. c4 a3 38. bxa3 Rf1+ 39. Kc2 Rf2+ 40. Kc3 g4 41. Qb6 g3 42. Qe3 Rg2 43. Qf3+ Nf6 44. Qxg2 Ra7 45. Kb3 Rb7+ 46. Ka2 Rc7 47. Qxg3 Rxc4 48. Qb3 Rxe4 49.
a4 Rd4 50. a5 Nxd5 51. Qb7+ Ke6 52. a6 Nb4+ 53. Kb3 Nxa6 54. Qxa6 Kd5 55. Qb7+ Ke6 56. Kc3 Kf5 57. Qf7+ Ke4 58. Qf2 Kd5 59. Qf3+ Ke6 60.
Qh3+ Kd5 61. Qf3+ Ke6 62. Qh3+ Kd5 63. Qf3+ 1/2-1/2

[Event "*** SCC Grand Prix: Titled Tuesday Blitz"]
[Site "Chess.com"]
[Date "2020.07.21"]
[Round "2"]
[White "cancrushyou"]
[Black "XxPetroffsxX"]
[Result "1-0"]
[WhiteElo "2355"]
[BlackElo "1917"]
[TimeControl "180+1"]
[EndTime "10:18:53 PDT"]
[Termination "cancrushyou won by resignation"]

1. d4 d5 2. Nf3 Nf6 3. c4 e6 4. Nc3 c5 5. cxd5 exd5 6. Bg5 c4 7. g3 Be7 8. Bg2 Be6 9. O-O Nbd7 10. b3 Bb4 11.
Rc1 Bxc3 12. Rxc3 Qa5 13. Rc2 b5 14. bxc4 bxc4 15. Ne5 Rc8 16. Nxd7 Nxd7 17. e4 Nb6 18. exd5 Nxd5 19. Re1 O-O 20. Bxd5 Bxd5 21. Re3 h6 22. Be7 Rfe8 23. Bc5 Qa4 24. Rd2 Qxd1+ 25. Rxd1 Rxe3 26. fxe3 f5 27. Rb1 a5 28. Kf2 Kf7 29. Ke2 g5 30. Kd2 Re8 31. Rb6 Re6 32. Rb5 f4 33. gxf4 gxf4 34. exf4 Re4 35. Rxa5 Rxf4 36. Ra7+ Kg6 37.
Ra6+ Kh5 38. Rd6 Bf7 39. d5 Rf5 40. Kc3 Bxd5 41. a4 Rf3+ 42. Kb4 Rb3+ 43. Ka5 c3 44. Rxd5+ Kg4 45. Rd1 c2 46. Rc1 Rc3 47. Bb4 Rc4 48.
Kb5 Rc8 49. a5 Kh3 50. a6 Kxh2 51. Bc5 Rb8+ 52. Kc6 Rb2 53. a7 Ra2 54. Kb7 h5 55.
a8=Q Rxa8 56. Kxa8 h4 57. Rxc2+ Kg3 58. Bd6+ Kf3 59.
Rh2 Kg4 60. Kb7 h3 61. Kc6 Kh4 62. Kd5 Kg4 63. Ke4 1-0

[Event "*** SCC Grand Prix: Titled Tuesday Blitz"]
[Site "Chess.com"]
[Date "2020.07.21"]
[Round "2"]
[White "anon569"]
[Black "Paladin61"]
[Result "0-1"]
[WhiteElo "2289"]
[BlackElo "2622"]
[TimeControl "180+1"]
[EndTime "10:18:55 PDT"]
[Termination "Paladin61 won on time"]

1. e4 c5 2. Nf3 d6 3. d4 cxd4 4. Nxd4 Nf6 5. Nc3 a6 6. Bg5 Nbd7 7. f4 Qc7 8. Qf3 h6 9. Bxf6 Nxf6 10. f5 Qc5 11.
O-O-O g5 12. Be2 g4 13. Qg3 h5 14. Nb3 Bh6+ 15. Kb1 Qe3 16. Qxe3 Bxe3 17. Rhe1 Bf2 18. Rf1 Ba7 19. Nd5 Nxd5 20. exd5 Rh6 21. Bd3 Bd7 22. Rde1 Kf8 23. Re2 Rf6 24. Nd2 Rc8 25. c3 b5 26. Kc2 Bb6 27. Rfe1 Bd8 28. Rf2 a5 29. Rf4 b4 30. Ref1 bxc3 31. bxc3 Rh6 32. c4 Rb8 33. Nb3 a4 34. Nd4 Rf6 35. Rb1 Rxb1 36. Kxb1 Bb6 37. Ne2 Bc5 38. Kc2 Be3 39. Rf1 h4 40. Be4 Kg7 41. Kd3 Bc5 42. Nf4 Kh6 43.
Ne2 Kg5 44. h3 Bxf5 45. Bxf5 Rxf5 46. Rxf5+ Kxf5 47. hxg4+ Kxg4 48. Ke4 f5+ 49. Kd3 Kg5 0-1

[Event "*** SCC Grand Prix: Titled Tuesday Blitz"]
[Site "Chess.com"]
[Date "2020.07.21"]
[Round "2"]
[White "SARGISMV"]
[Black "Semen_Khanin"]
[Result "1-0"]
[WhiteElo "2515"]
[BlackElo "2723"]
[TimeControl "180+1"]
[EndTime "10:18:56 PDT"]
[Termination "SARGISMV won by resignation"]

1. d4 Nf6 2. c4 e6 3. Nc3 Bb4 4. e3 d5 5. Nf3 O-O 6. Bd2 c5 7. a3 Bxc3 8. Bxc3 Ne4 9. Rc1 Nc6 10. cxd5 Qxd5 11. dxc5 Qxd1+ 12. Rxd1 Nxc3 13. bxc3 Rd8 14. Rxd8+ Nxd8 15. Bb5 b6 16. cxb6 axb6 17. a4 Nb7 18.
Ke2 Nc5 19. Rb1 Bb7 20. Rb4 f6 21. Ne1 Kf8 22. f3 Ke7 23. Nd3 Nxd3 24. Kxd3 e5 25. e4 Kd6 26. Bc4 Kc7 27. Bd5 Ba6+ 28. c4 Rd8 29.
Rb2 Bc8 30. Kc3 Bd7 31. Kb4 Rb8 32. Ra2 Kd6 33. Rd2 Kc7 34. h4 h6 35. Rb2 Kd6 36.
Ra2 Kc7 37. c5 bxc5+ 38. Kxc5 Rb1 39. a5 Rc1+ 40. Kb4 Rb1+ 41. Kc3 Kb8 42. Rb2+ Rxb2 43. Kxb2 Ka7 44. Ka3 Bb5 45. g3 Be2 46. f4 Bf3 47. f5 Bh5 48. Kb4 g6 49. fxg6 Bxg6 50. Kc5 Ka6 51. Kc6 Kxa5 52. Kd6 Kb4 53. Ke6 Kc5 54. Kxf6 Be8 55. Kxe5 Bh5 56. Kf6 Kd4 57. Kg7 Bf3 58.
Kxh6 Ke5 59. Kg5 Be2 60. g4 Bb5 61. h5 Kd6 62. h6 1-0

[Event "*** SCC Grand Prix: Titled Tuesday Blitz"]
[Site "Chess.com"]
[Date "2020.07.21"]
[Round "2"]
[White "DariaVoit"]
[Black "platy3"]
[Result "0-1"]
[WhiteElo "2511"]
[BlackElo "2760"]
[TimeControl "180+1"]
[EndTime "10:18:57 PDT"]
[Termination "platy3 won by resignation"]

1. d4 Nf6 2. Nf3 d5 3. c4 e6 4.
g3 Be7 5. Bg2 O-O 6. Qc2 c5 7. O-O cxd4 8. Nxd4 Nc6 9. Rd1 Qb6 10.
Be3 Bc5 11. Nxc6 bxc6 12. Bxc5 Qxc5 13. Nd2 a5 14. Rac1 Ba6 15. cxd5 Qxc2 16. Rxc2 cxd5 17.
Nb3 Bc4 18. Nc5 Rac8 19. Nd3 Bxa2 20. Rxc8 Rxc8 21. Ra1 Bc4 22. Rxa5 g5 23. Bf1 Bxd3 24. exd3 Rc1 25. Kg2 Rb1 26. Rb5 Kg7 27. Be2 Nd7 28.
h3 Ne5 29. Rb7 Kf6 30. d4 Nc6 31. Bh5 Ne7 32. Kf3 Rh1 33. Kg2 Rc1 34. Kf3 Rc4 35. Ke3 Nf5+ 36. Kd3 Rxd4+ 37. Kc3 Rc4+ 38. Kb3 Ne7 39. Be2 Rd4 40. Kc3 Ra4 41. b4 Ra2 42. Bd3 Rxf2 43. Bxh7 Rf3+ 44. Kd4 Rxg3 45. b5 Rxh3 46. Bc2 e5+ 47. Kc5 Rc3+ 48. Kd6 Rxc2 49. Rxe7 Rb2 50. Rb7 d4 51. b6 d3 52. Kc6 e4 53. Rd7 Ke6 54. Rd6+ Ke5 55. Rd7 Rxb6+ 56. Kxb6 f5 57. Kc5 g4 58. Kc4 g3 59. Kc3 Kf4 60.
Kd2 Kf3 61. Rf7 f4 62. Rg7 g2 63. Rg6 Kf2 64. Rg4 e3+ 65. Kxd3 f3 66. Rg5 g1=Q 67. Rxg1 Kxg1 68. Kxe3 f2 0-1

[Event "*** SCC Grand Prix: Titled Tuesday Blitz"]
[Site "Chess.com"]
[Date "2020.07.21"]
[Round "2"]
[White "Killertoy"]
[Black "Denmark2015"]
[Result "0-1"]
[WhiteElo "2233"]
[BlackElo "2619"]
[TimeControl "180+1"]
[EndTime "10:19:01 PDT"]
[Termination "Denmark2015 won by checkmate"]

1. e4 e6 2. d4 d5 3. Nc3 Bb4 4. exd5 exd5 5. Bd3 Nc6 6. a3 Be7 7. Bf4 a6 8. Nge2 Bf6 9. O-O Nge7 10. Qd2 Nxd4 11.
Nxd4 Bxd4 12. Rfe1 Bf6 13. Bg5 Bxc3 14. Qxc3 f6 15.
Re2 O-O 16. Rae1 Nc6 17. Bf4 Bg4 18. f3 Bh5 19. Bf5 Bf7 20. Qc5 d4 21. Be4 Qd7 22. Bxc6 Qxc6 23. Qxc6 bxc6 24. Bxc7 Bg6 25. Rd1 Rac8 26.
Ba5 c5 27. b4 cxb4 28. Bxb4 Rfd8 29. Red2 Rc4 30. Kf2 Bxc2 31. Rc1 d3 32. h3 Rdc8 33. g4 Kf7 34. Re1 R4c7 35. Rc1 g6 36. f4 Rc6 37. Re1 R8c7 38. Ba5 Rb7 39. Bb4 Rcc7 40. Rc1 Rd7 41.
Ba5 f5 42. g5 Ke6 43. Re1+ Kd5 44. Re5+ Kc4 45. Bb4 Rd5 46. Re6 a5 47. Bf8 Kc3 48.
Ree2 Rd8 49. Bc5 Rb5 50. Be3 Rdd5 51. Rxc2+ dxc2 52. Re1 Rd3 53. Bc1 Rb1 54. Kg2 Rxc1 55. Rxc1 Rd1 56. Rxc2+ Kxc2 57. h4 Rd3 58. h5 Rxa3 59.
Kh2 Kd2 60. Kg2 Ke2 61. hxg6 hxg6 62. Kh2 Kf3 63. Kh3 Ra2 64. Kh4 Rh2# 0-1

[Event "*** SCC Grand Prix: Titled Tuesday Blitz"]
[Site "Chess.com"]
[Date "2020.07.21"]
[Round "2"]
[White "crescentmoon2411"]
[Black "RubensCezila"]
[Result "0-1"]
[WhiteElo "2817"]
[BlackElo "2561"]
[TimeControl "180+1"]
[EndTime "10:19:03 PDT"]
[Termination "RubensCezila won by resignation"]

1. d4 Nf6 2. Nf3 g6 3. Bf4 Bg7 4. e3 O-O 5. h3 d6 6. Be2 Nbd7 7. O-O Re8 8. Bh2 b6 9. c4 Bb7 10. Nc3 Ne4 11. Nxe4 Bxe4 12. Ng5 Bb7 13. Bf3 c6 14.
Rc1 h6 15. Ne4 f5 16. Nc3 e5 17. b4 Nf6 18. dxe5 dxe5 19. Qb3 e4 20. Be2 Kh7 21. Rfd1 Qe7 22. Bd6 Qf7 23. c5 Qxb3 24. axb3 b5 25. Bc7 Rac8 26. Ba5 Re7 27. Bf1 Kg8 28. Rd2 Rce8 29.
Rcd1 a6 30. Rd6 Kf7 31. g3 Rc8 32. Bd8 Re6 33. Rxe6 Kxe6 34. Rd6+ Ke5 35. Bxf6+ Bxf6 36. Rd7 Ke6 37. Rxb7 Bxc3 38. Rb6 Bxb4 39. Rxa6 Kd5 40. Ra7 Kxc5 41. Rg7 Bc3 42. Rxg6 Kb4 43. Rxh6 Kxb3 44.
Rh5 b4 45. Rxf5 c5 46. Bg2 Re8 47. Rxc5 Kc2 48. Rc4 b3 49. Rxe4 Rd8 50. Rc4 b2 51.
Be4+ Rd3 52. Kg2 b1=Q 53. Rc8 Kd2 54. Rd8 Rxd8 55. Bxb1 Rf8 56. g4 Ke2 57. Bf5 Be1 58.
e4 Bxf2 59. e5 Bc5 60. h4 Be7 61. h5 Bg5 62. e6 Ke3 63. Kg3 Kd4 64. Kf3 Ke5 65.
Ke2 Kf6 66. Kd3 Rd8+ 67. Kc4 Ke5 68. Kc5 Rc8+ 69. Kb5 Kd5 70. h6 Bxh6 71. e7 Re8 0-1

[Event "*** SCC Grand Prix: Titled Tuesday Blitz"]
[Site "Chess.com"]
[Date "2020.07.21"]
[Round "2"]
[White "ExcitingTrap"]
[Black "renehp"]
[Result "0-1"]
[WhiteElo "2220"]
[BlackElo "2443"]
[TimeControl "180+1"]
[EndTime "10:19:04 PDT"]
[Termination "renehp won by resignation"]

1. e4 c5 2. Nf3 d6 3. Bb5+ Nc6 4.
O-O Bd7 5. c3 Nf6 6. Re1 a6 7.
Ba4 b5 8. Bc2 e5 9. d4 Be7 10.
Nbd2 O-O 11. Nf1 Rc8 12. h3 cxd4 13. cxd4 Nxd4 14. Nxd4 exd4 15. Bb3 Qb6 16. Ng3 Be6 17. Bf4 Bxb3 18. axb3 Rfe8 19. Nf5 Bf8 20. Qd3 d5 21. e5 Ne4 22. Re2 Nc5 23. Qxd4 Qg6 24. Nh4 Qh5 25. Nf3 Nxb3 26. Qd1 Nxa1 27. Qxa1 Rc6 28. Qd1 Rd8 29. Bg3 Qg6 30. Nd4 Rc4 31. e6 Rdc8 32. Kh2 fxe6 33. Nxe6 d4 34. b3 Rc2 35. Nxd4 Rxe2 36. Qxe2 Bd6 37. Qf3 Bxg3+ 38. fxg3 h6 39. Qd5+ Kh7 40. Nf5 Rc3 41. Qe5 Qf6 42. Qe4 Qg6 43. Qe5 Rc2 44. Ne7 Qd3 45. Qe6 Qd8 46. Qf5+ Kh8 47. Ng6+ Kh7 48.
Qxc2 Qd6 49. Nf4+ Kh8 50. Qc8+ Kh7 51. Qf5+ Kg8 52. Ng6 a5 53. Qe4 a4 54. bxa4 bxa4 55.
Ne7+ Kf7 56. Nf5 Qc5 57. Ne3 a3 58. Qf4+ Kg8 59. Nc4 a2 60. Qb8+ Kh7 61. Qa8 Qxc4 62.
Qa3 Qc2 63. Qa4 Qxa4 0-1

[Event "*** SCC Grand Prix: Titled Tuesday Blitz"]
[Site "Chess.com"]
[Date "2020.07.21"]
[Round "2"]
[White "Riptide27"]
[Black "Bulldog167"]
[Result "1-0"]
[WhiteElo "2518"]
[BlackElo "2737"]
[TimeControl "180+1"]
[EndTime "10:19:06 PDT"]
[Termination "Riptide27 won by checkmate"]

1. d4 Nf6 2. c4 e6 3. Nc3 Bb4 4. Qc2 Nc6 5. Nf3 d6 6. Bd2 O-O 7. a3 Bxc3 8. Bxc3 e5 9. e3 Re8 10. dxe5 dxe5 11. Be2 Bg4 12. O-O Qe7 13. Rad1 a5 14. h3 Bh5 15. Rd2 Bg6 16. Qb3 Ne4 17. Qxb7 Nxd2 18. Nxd2 Qc5 19. Qb5 Qxb5 20. cxb5 Nd4 21.
Bc4 Nf5 22. a4 Nd6 23. Bd5 Ra7 24. e4 Kf8 25. Re1 f6 26. Nb3 Bf7 27. Bxf7 Kxf7 28. Nxa5 Rea8 29. b4 Ke6 30. f3 Nb7 31. Nxb7 Rxb7 32.
Ra1 Rba7 33. a5 Rb7 34. b6 cxb6 35. a6 Rc7 36. Be1 Kd7 37. b5 Rc5 38. Rb1 Kc7 39.
Bf2 Rc2 40. Rd1 Rc8 41. Rd5 g5 42. h4 h6 43. h5 Ra2 44. Be3 Rc2 45. Kh2 Rc3 46.
Bf2 Rc2 47. Kg3 Re8 48. Be3 Re6 49. Kg4 Rxg2+ 50. Kf5 Re8 51. Kxf6 g4 52. fxg4 Rxg4 53.
Rxe5 Rxe4 54. Rxe8 Rxe8 55. Bxh6 Rh8 56. Bf4+ Kc8 57.
h6 Rf8+ 58. Kg5 Kd7 59. h7 Ke6 60. Kg6 Rf6+ 61. Kg7 Rf7+ 62. Kg8 Rxf4 63. h8=Q Rg4+ 64. Kf8 Rc4 65. Qg8+ Kd7 66. Qxc4 Kd8 67. Qd5+ Kc7 68. Qc6+ Kd8 69. Qxb6+ Kd7 70. Qb7+ Kd8 71. Qd5+ Kc8 72. a7 Kc7 73. a8=Q Kb6 74. Qdc6# 1-0